 Dungeon Crawl Stone Soup version 0.30.0 (webtiles) character file.

Game seed: 4782007585693579393

8 Dani the Trooper (level 2, 18/24 HPs)
             Began as a Demonspawn Fighter on May 20, 2023.
             Quit the game on level 1 of the Dungeon.
             The game lasted 00:00:24 (367 turns).

Dani the Trooper (Demonspawn Fighter)                Turns: 367, Time: 00:00:25

Health: 18/24      AC:  8    Str: 16    XL:     2   Next: 0%
Magic:  2/2        EV:  8    Int:  9    God:
Gold:   17         SH:  4    Dex: 12    Spells: 1/1 levels left

rFire   . . .        a - +0 war axe
rCold   . . .        c - +0 buckler
rNeg    . . .        b - +0 scale mail
rPois   .            (no helmet)
rElec   .            (no cloak)
rCorr   .            (no gloves)
SInv    .            (no boots)
Will    .....        (no amulet) Stlth
                     (no ring)
HPRegen 0.24/turn    (no ring)
MPRegen 0.08/turn

%: no passive effects
@: no status effects
A: molten scales 1
a: no special abilities


You were on level 1 of the Dungeon.
You visited 1 branch of the dungeon, and saw 1 of its levels.

You collected 17 gold pieces.

Inventory:

Hand Weapons
 a - a +0 war axe (weapon)
Armour
 b - a +0 scale mail (worn)
 c - a +0 buckler (worn)
Scrolls
 e - a scroll of poison {unknown}
Potions
 d - a potion of might
 f - a potion of flight {unknown}


   Skills:
 - Level 3.0 Fighting
 + Level 2.5 Axes
 - Level 2.6 Armour
 - Level 2.6 Shields


You had one spell level left.
You didn't know any spells.
Your spell library was empty.

Dungeon Overview and Level Annotations

Branches:
Dungeon (1/15)

Altars:


Innate Abilities, Weirdness & Mutations

You are partially covered in molten scales. (AC +2)


Message History

You open the door.
A quokka comes into view.
There is an open door here.
A quokka is nearby!
The quokka barely misses you.
A quokka is nearby!
You hit the quokka.
The quokka is severely wounded.
The quokka barely misses you. The quokka completely misses you.
A quokka is nearby!
You hit the quokka.
You kill the quokka!
No target in view!
A bat comes into view.
Found 8 gold pieces.
A bat is nearby!
You closely miss the bat. The bat hits you but does no damage.
The bat hits you.
You hit the bat but do no damage. The bat hits you but does no damage. x2
A bat is nearby!
A bat is nearby!
The bat hits you but does no damage. The bat closely misses you.
You see here 8 gold pieces.
A bat is nearby!
The bat barely misses you.
A bat is nearby!
You block the bat's attack. The bat hits you but does no damage.
A bat is nearby!
You hit the bat.
You kill the bat!
You now have 17 gold pieces (gained 8).
Key pressed, stopping explore.
No target in view!
Key pressed, stopping explore.
No target in view!
Key pressed, stopping explore.
No target in view!
No target in view!
Key pressed, stopping explore.
Key pressed, stopping explore.
No target in view!
No target in view!
Key pressed, stopping explore.
No target in view!
Key pressed, stopping explore.
No target in view!
Key pressed, stopping explore.
No target in view!
There is an open door here.
Key pressed, stopping explore.
No target in view!
You open the door.
Key pressed, stopping explore.
No target in view!
There is an open door here.
Key pressed, stopping explore.
No target in view!
Key pressed, stopping explore.
No target in view!
No target in view!
Key pressed, stopping explore.
Key pressed, stopping explore.
Key pressed, stopping explore.
e - a scroll labelled IGHEAPSEGH
f - a bubbling clear potion Key pressed, stopping explore.
A frilled lizard comes into view.
The frilled lizard hisses angrily.
Found a stone staircase leading down.
A frilled lizard is nearby!
You miss the frilled lizard. The frilled lizard barely misses you.
A frilled lizard is nearby!
You barely miss the frilled lizard.
The frilled lizard bites you but does no damage. x2
A frilled lizard is nearby!
You closely miss the frilled lizard.
The frilled lizard bites you but does no damage.
A frilled lizard is nearby!
You closely miss the frilled lizard.
The frilled lizard bites you but does no damage.
The frilled lizard bites you.
A frilled lizard is nearby!
You closely miss the frilled lizard. The frilled lizard barely misses you.
A frilled lizard is nearby!
You closely miss the frilled lizard. You block the frilled lizard's attack.
The frilled lizard barely misses you.
You closely miss the frilled lizard. The frilled lizard bites you.
A frilled lizard is nearby!
You completely miss the frilled lizard. The frilled lizard barely misses you.
The frilled lizard completely misses you.
A frilled lizard is nearby!
You barely miss the frilled lizard. The frilled lizard bites you.
A frilled lizard is nearby!
You hit the frilled lizard.
You kill the frilled lizard!
You have reached level 2!
Your demonic ancestry asserts itself...
Molten scales grow over part of your body.
Are you sure you want to abandon this character and quit the game? (Confirm with "yes".)

#.......## #........# #
#.###.##.# ## .###
#.###.##.# .. ...
#.#...##.#
###.##.####.#.#.##.#
#........##.#...#..#
#....#.#.##.##.#...####
.......@..............+
#....#†#.##........####
#?# ...#.########.##
##..#.# #.# ..>..# #.#
##.#### #.# #. #.# #.
#.#


There were no monsters in sight!

Vanquished Creatures
  An endoplasm (D:1)
  A giant cockroach (D:1)
  2 quokkas (D:1)
  2 bats (D:1)
  A frilled lizard (D:1)
7 creatures vanquished.

Notes
Turn   | Place    | Note
-------+----------+-------------------------------------------
     0 | D:1      | Dani the Demonspawn Fighter began the quest for the Orb.
     0 | D:1      | Reached XP level 1. HP: 18/18 MP: 1/1
   198 | D:1      | Reached skill level 2 in Axes
   367 | D:1      | Gained mutation: You are partially covered in molten
                  | scales. (AC +2) [demonic ancestry]
   367 | D:1      | Reached XP level 2. HP: 18/24 MP: 2/2
   367 | D:1      | Quit the game

Illustrated notes

Levels and vault maps discovered:
D:1:      wander_arrival_chamber, layout_loops_corners, minmay_hexomino_f4

Skill      XL: |  1 |
---------------+----+-----
Axes           | 2 |  2.5
Fighting       | |  3.0
Armour         | |  2.6
Shields        | |  2.6

Action                     || total
---------------------------++-------
  Melee: War axe           ||    25
 Armour: Scale mail        ||    14
  Dodge: Dodged            ||    14
  Block: Buckler           ||     6

Levels and vault maps discovered:
D:1:      wander_arrival_chamber, layout_loops_corners, minmay_hexomino_f4

Table legend: (Time is in decaauts)
 A = Elapsed time spent in this place.
 B = Non-inter-level travel time spent in this place.
 C = Inter-level travel time spent in this place.
 D = Time resting spent in this place.
 E = Time spent auto-exploring this place.
 F = Levels seen in this place.
 G = Mean time per level.
                   A        B        C        D        E       F      G
               +--------+--------+--------+--------+--------+-----+--------+
         Total |    377 |    377 |      0 |      0 |    322 |   1 |  377.0 |
       Dungeon |    377 |    377 |      0 |      0 |    322 |   1 |  377.0 |
               +--------+--------+--------+--------+--------+-----+--------+

Top non-repeatable levels by time:
     D:1: 377 daAuts

Table legend:
 A = Kills in this place as a percentage of kills in the entire game.
 B = Kills by you in this place as a percentage of kills by you in the entire game.
 C = Kills by friends in this place as a percentage of kills by friends in the entire game.
 D = Other kills in this place as a percentage of other kills in the entire game.
 E = Experience gained in this place as a percentage of experience gained in the entire game.
 F = Experience gained in this place divided by the number of levels of this place that you have seen.
                   A       B       C       D       E      F
               +-------+-------+-------+-------+-------+----------------------
         Total | 100.0 | 100.0 |   N/A |   N/A | 100.0 |  12.0
       Dungeon | 100.0 | 100.0 |   N/A |   N/A | 100.0 |  12.0
               +-------+-------+-------+-------+-------+----------------------
